 Dungeon Crawl Stone Soup version 0.22-b1-21-g5cfc1688f2 (webtiles) character file.

364 Beholder179 the Chopper (level 6, 37/57 HPs)
             Began as a Deep Dwarf Fighter on Aug 7, 2018.
             Quit the game on level 4 of the Dungeon.
             The game lasted 00:04:49 (1010 turns).

Beholder179 the Chopper (Deep Dwarf Fighter)        Turns: 1010, Time: 00:04:50

Health: 37/57      AC: 12    Str: 22    XL:     6   Next: 39%
Magic:  6/6        EV:  4    Int:  8    God:
Gold:   71         SH: 10    Dex: 12    Spells: 5/5 levels left

rFire    . . .     SeeInvis .   a - +0 war axe
rCold    . . .     Gourm    .   c - +0 shield
rNeg     . . .     Faith    .   b - +0 plate armour
rPois    .         Spirit   .   h - +0 helmet
rElec    .         Reflect  .   (no cloak)
rCorr    .         Harm     .   (no gloves)
MR       .....                  (no boots)
Stlth    ..........             (no amulet)
HPRegen  0.00/turn              (no ring)
MPRegen  0.10/turn              (no ring)

@: non-regenerating
A: damage resistance, heal wounds, sense surroundings 1, no regeneration
a: Heal Wounds


You were on level 4 of the Dungeon.
You were not hungry.

You visited 1 branch of the dungeon, and saw 4 of its levels.

You collected 71 gold pieces.

Inventory:

Hand Weapons
 a - a +0 war axe (weapon)
Armour
 b - a +0 plate armour (worn)
 c - a +0 shield (worn)
 h - a +0 helmet (worn)
Jewellery
 k - an uncursed amulet of harm {unknown}
Scrolls
 i - a scroll of fear {unknown}
 j - a scroll of identify {unknown}
Potions
 d - a potion of might
 e - 3 potions of curing {unknown}
Comestibles
 f - 5 rations
 g - 6 chunks of flesh


   Skills:
 + Level 4.0 Fighting
 * Level 5.5 Axes
 - Level 3.2 Armour
 + Level 4.8 Shields


You had 5 spell levels left.
You didn't know any spells.
Your spell library was empty.

Dungeon Overview and Level Annotations

Branches:
Dungeon (4/15)
 Temple: D:4-7

Altars:
Xom


Innate Abilities, Weirdness & Mutations

You are resistant to damage.
You can heal yourself by infusing magical energy.
You passively map a small area around you.
You do not regenerate.


Message History

The ogre is almost dead.
The ogre hits you with a giant club!!
You slash the ogre!
You kill the ogre!
Your Fighting skill increases to level 4!
There is an open door, spattered with blood here.
Things that are here:
a giant club; an ogre corpse You butcher the ogre corpse.
g - 9 chunks of flesh (gained 4)
There is an open door, spattered with blood here.
You see here a giant club.
You start waiting.
Some of the chunks of flesh in your inventory have rotted away.
Done waiting.
Unknown command.
Unknown command.
Unknown command.
Unknown command.
Are you sure you want to abandon this character and quit the game? (Confirm with "yes".)

, .., #...# , . ##..#
#(.# , *#######*
#..######## .......
##>........ ,
.......#####.########
.......+.............
, ,
.......#####.########
, * .......@.....# *
, .......#######
......> ,.......
.......* , .......
+#+#### , *


There were no monsters in sight!

Vanquished Creatures
  An ogre
  4 crimson imps
  A bullfrog skeleton
  An orc priest
  An iguana
  3 adders
  3 worms
  2 dart slugs
  A leopard gecko
  4 orcs
  A giant cockroach
  A goblin
  4 hobgoblins
  2 bats
  A frilled lizard
  A kobold
  3 rats
34 creatures vanquished.

Notes
Turn   | Place    | Note
-------+----------+-------------------------------------------
     0 | D:1      | Beholder179 the Deep Dwarf Fighter began the quest for the Orb.
     0 | D:1      | Reached XP level 1. HP: 20/20 MP: 1/1
   207 | D:2      | Reached XP level 2. HP: 20/27 MP: 2/2
   256 | D:2      | Reached skill level 3 in Axes
   317 | D:2      | Reached skill level 3 in Fighting
   379 | D:3      | Reached XP level 3. HP: 23/34 MP: 3/3
   421 | D:3      | Found a shimmering altar of Xom.
   447 | D:3      | Reached skill level 4 in Axes
   447 | D:3      | Reached skill level 4 in Shields
   447 | D:3      | Reached XP level 4. HP: 28/42 MP: 4/4
   506 | D:3      | Reached XP level 5. HP: 31/49 MP: 5/5
   612 | D:4      | Reached skill level 5 in Axes
   739 | D:4      | Reached XP level 6. HP: 54/57 MP: 6/6
   906 | D:4      | Reached skill level 4 in Fighting
  1010 | D:4      | Quit the game

Skill      XL: |  1  2  3  4  5  6 |
---------------+-------------------+-----
Axes           | 3 4 5 |  5.5
Fighting       | 3 4 |  4.0
Shields        | 4 |  4.8
Armour         | |  3.2

Action                   |  1- 3 |  4- 6 || total
-------------------------+-------+-------++-------
Melee: War axe           |    88 |   103 ||   191
 Abil: Heal Wounds       |     1 |     3 ||     4
  Use: Scroll            |       |     1 ||     1
  Eat: Chunk             |       |     1 ||     1
Armor: Scale mail        |     8 |       ||     8
       Chain mail        |    21 |       ||    21
       Plate armour      |    14 |    59 ||    73
Dodge: Dodged            |    12 |    13 ||    25
Block: Shield            |    31 |    38 ||    69
